cohdb
Replays
Latest Replays
All Replays
Popular Replays
Top Player Replays
Match Explorer
How It Works
Community
CoH3 Stats
Reddit
Sign in to upload your games and track your stats! →
Sign in with Steam
Match 32833441
Unlisted
Match 32833441
Overview
Messages
Build Orders
End
Construct Infanterie Kompanie
Kettenkrad Recon Vehicle
MG 42 Machine Gun Team
MG 42 Machine Gun Team
MG 42 Machine Gun Team
Construct Luftwaffe Kompanie
Medical Station
Luftwaffe Officer Quarters
Jäger Squad
Construct Panzergrenadier Kompanie
Flak 30 Anti-aircraft Gun Team
Panzergrenadier Officer Quarters
Panzergrenadier Squad
Support Elements
Nebelwerfer 42 Rocket Launcher Team
Nebelwerfer 42 Rocket Launcher Team
Marder III M Tank Destroyer
Panzergrenadier Squad
Construct Panzergrenadier Kompanie
Marder III M Tank Destroyer
즈타
MaXiS
0
0
Comments
sign in to comment!
No comments posted yet!